 Dungeon Crawl Stone Soup version 0.18-a0-1670-gb40d73e (webtiles) character file.

294 Chiseanne the Skirmisher (level 6, -1/51 HPs)
             Began as a Centaur Air Elementalist on Apr 1, 2016.
             Slain by a centaur (8 damage)
             ... on level 5 of the Dungeon.
             The game lasted 00:12:25 (5461 turns).

Chiseanne the Skirmisher (Centaur Air Elementalist) Turns: 5461, Time: 00:12:26

Health: -1/51      AC:  6    Str: 11    XL:     6   Next: 11%
Magic:  6/8        EV:  8    Int: 21    God:
Gold:   173        SH:  0    Dex:  9    Spells: 3 memorised, 2 levels left

rFire  . . .     SeeInvis .     a - +2 hand axe
rCold  + . .     Gourm    .     o - +1 ring mail
rNeg   . . .     Faith    .     (no shield)
rPois  .         Spirit   .     (no helmet)
rElec  .         Dismiss  .     (no cloak)
rCorr  .         Reflect  .     (no gloves)
SustAt .         Harm     .     (no barding)
MR     .....                    (no amulet)
Stlth  ..........               t - +5 ring of intelligence
                                w - ring of protection from cold

@: very slightly contaminated, repel missiles, very quick, not resistant to
hostile enchantments, extremely unstealthy
A: hooves 3, deformed body, speed 2, tough skin 3
a: no special abilities


You were on level 5 of the Dungeon.
You were very hungry.

You visited 1 branch of the dungeon, and saw 5 of its levels.

You collected 173 gold pieces.

Inventory:

Hand Weapons
 a - a +2 hand axe (weapon)
 l - a +0 war axe
Missiles
 d - 6 needles of frenzy
 j - 23 arrows
 m - 7 poisoned needles
 n - 15 sling bullets
 s - a throwing net (quivered)
Armour
 o - a +1 ring mail (worn)
Jewellery
 k - an uncursed ring of see invisible
 t - a +5 ring of intelligence (right hand)
 w - a ring of protection from cold (left hand)
Wands
 v - a wand of iceblast (2/15)
Scrolls
 q - 3 scrolls of teleportation
 x - 2 scrolls of fog
Potions
 e - 5 potions of heal wounds
 g - a potion of curing {unknown}
 h - a potion of brilliance {unknown}
 i - 2 potions of lignification
 p - a potion of magic {unknown}
 r - a potion of flight {unknown}
 u - a potion of mutation {unknown}
Books
 b - a book of Air

   Spells                             Type                      Level
   a - Shock                          Conjuration/Air              1
   b - Swiftness                      Charms/Air                   2
   c - Repel Missiles                 Charms/Air                   2
   d - Static Discharge               Conjuration/Air              3
   e - Lightning Bolt                 Conjuration/Air              5
Comestibles
 c - 4 bread rations
 f - a meat ration


   Skills:
 * Level 3.5 Fighting
 * Level 1.8 Armour
 * Level 3.2 Dodging
 - Level 1.2 Stealth
 - Level 1.5 Spellcasting
 - Level 0.8 Conjurations
 - Level 2.6 Air Magic


You had 2 spell levels left.
You knew the following spells:

 Your Spells              Type           Power        Failure   Level  Hunger
a - Shock                 Conj/Air       #...         21%         1    #......
b - Repel Missiles        Chrm/Air       #.....       34%         2    ###....
c - Static Discharge      Conj/Air       #.......     58%         3    ###....


Dungeon Overview and Level Annotations

Branches:
Dungeon (5/15)
 Temple: D:4-7

Altars:
Xom
Yredelemnul
Zin

Shops:
D:5 *


Innate Abilities, Weirdness & Mutations

You have hooves in place of feet.
Armour fits poorly on your strangely shaped body.
You cover ground very quickly.
You have extremely tough skin (AC +3).


Message History

* * * LOW HITPOINT WARNING * * *
The centaur closely misses you.
Casting: Shock
Confirm with . or Enter, or press ? or * to list all spells.
Aiming: Shock
Press: ? - help, Shift-Dir - straight line, f - centaur
Aim: a centaur (almost dead)
The zap hits the centaur.
The centaur is almost dead.
The centaur hits you but does no damage.
Casting: Shock
Confirm with . or Enter, or press ? or * to list all spells.
Aiming: Shock
Press: ? - help, Shift-Dir - straight line, f/p - centaur
Aim: a centaur (almost dead)
You miscast Shock.
You are very lightly contaminated with residual magic.
The wind howls around you! The centaur closely misses you.
The centaur hits you!
You die...

....##...####
............####
#...#.....<....#
##.##.....#.##.#
#.###...##.##.#
#........#.##.#
########.#.##.#
#.#.##(#####.#..
#.#.....@.......
#.####.##c....⌠.
### #.# #.#.#.∩
#.. #..# #.# #.#
... .# .## # .


You could see a centaur.

Vanquished Creatures
  A phantom (D:4)
  2 hounds (D:3)
  A worker ant (D:4)
  5 adders
  An adder zombie (D:5)
  2 worms
  2 dart slugs
  2 giant geckos
  7 orcs
  9 bats
  4 giant cockroaches
  2 gnoll zombies (D:2)
  4 goblins
  5 hobgoblins
  3 jackals (D:2)
  A quokka (D:1)
  3 kobolds
  8 rats
62 creatures vanquished.

Notes
Turn   | Place    | Note
--------------------------------------------------------------
     0 | D:1      | Chiseanne the Centaur Air Elementalist began the quest for the Orb.
     0 | D:1      | Reached XP level 1. HP: 14/14 MP: 3/3
  1099 | D:1      | Reached skill level 1 in Fighting
  1169 | D:1      | Reached XP level 2. HP: 23/23 MP: 0/4
  1804 | D:2      | Reached XP level 3. HP: 24/29 MP: 1/5
  2794 | D:2      | Found a basalt altar of Yredelemnul.
  3528 | D:2      | Learned a level 2 spell: Repel Missiles
  3607 | D:3      | Reached XP level 4. HP: 35/37 MP: 1/6
  3808 | D:3      | Noticed an angel
  3808 | D:3      | Found a glowing silver altar of Zin.
  3808 | D:3      | Found a shimmering altar of Xom.
  4783 | D:3      | Reached skill level 1 in Armour
  4783 | D:3      | Reached XP level 5. HP: 32/45 MP: 1/7
  5180 | D:4      | Noticed a phantom
  5194 | D:4      | Killed a phantom
  5194 | D:4      | Reached XP level 6. HP: 45/51 MP: 5/8
  5352 | D:4      | Learned a level 3 spell: Static Discharge
  5360 | D:5      | Entered Level 5 of the Dungeon
  5448 | D:5      | Found Pixzy's General Store.
  5461 | D:5      | Slain by a centaur

Vault maps used:
D:1:      tarquinn_simple_flora_water_f
D:2:      lemuel_upstairs_altar, lemuel_zombie_altar_yredelemnul
D:3:      grunt_temple_overflow_order_and_chaos_1, first_bread
D:4:      minmay_misc_feat_roman
D:5:      serial_shops, shop_fountains, st_stairs_13, amethyst_killhole,
          nicolae_qazlal_eye_of_the_storm

Skill      XL: |  1  2  3  4  5 |
---------------+----------------+-----
Fighting       | 1 2 3 |  3.5
Dodging        | 2 3 |  3.2
Armour         | 1 |  1.8
Stealth        | |  1.2
Spellcasting   | |  1.5
Conjurations   | |  0.8
Air Magic      | |  2.6

Action                   |  1- 3 |  4- 6 || total
-------------------------+-------+-------++-------
Melee: Hand axe          |   102 |   113 ||   215
       Unarmed           |     2 |       ||     2
 Cast: Shock             |    47 |    26 ||    73
       Repel Missiles    |     1 |       ||     1
Evoke: Wand              |       |     6 ||     6
  Use: Scroll            |     6 |    10 ||    16
       Potion            |       |     2 ||     2
  Eat: Chunk             |     5 |     5 ||    10
       Royal jelly       |     1 |       ||     1
       Pizza             |     1 |       ||     1
